 Dungeon Crawl Stone Soup version 0.29-a0-11-ga75d3d97ab (webtiles) character file.

Game seed: 9605354281336057143

419 enile the Gusty (level 6, -2/35 (37) HPs)
             Began as a Deep Elf Air Elementalist on Jan 29, 2022.
             Was a Priest of Lugonu.
             Slain by a gnoll shaman (9 damage)
             ... on level 3 of the Dungeon.
             The game lasted 00:05:50 (4617 turns).

enile the Gusty (Deep Elf Air Elementalist)         Turns: 4617, Time: 00:05:50

HP:   -2/35 (37)    AC:  2    Str:  5    XL:     6   Next: 62%
MP:   7/13          EV: 13    Int: 22    God:    Lugonu [***...]
Gold: 225           SH:  0    Dex: 15    Spells: 5/12 levels left

rFire   . . .      SeeInvis .   j - +7 Throatcutter {drain, coup de grace}
rCold   . . .      Faith    .   (no shield)
rNeg    . . .      Spirit   .   a - +0 robe
rPois   .          Reflect  .   (no helmet)
rElec   .          Harm     .   (no cloak)
rCorr   .          Rampage  .   (no gloves)
Will    .....                   (no boots)
Stlth   +++.......              (no amulet)
HPRegen 0.11/turn               (no ring)
MPRegen 0.13/turn               (no ring)

@: drained
A: no striking features
a: Renounce Religion, Depart the Abyss, Bend Space, Banish


You were on level 3 of the Dungeon.
You worshipped Lugonu.
Lugonu was most pleased with you.
You visited 1 branch of the dungeon, and saw 4 of its levels.

You collected 225 gold pieces.

Inventory:

Hand Weapons
 j - the +7 Throatcutter (weapon) {drain, coup de grace}
   (You took it off Terence on level 2 of the Dungeon)

   A truly terrible weapon, it drains the life of any living foe it strikes.
   It may instantly kill foes which have little health.
Armour
 a - a +0 robe (worn)
Jewellery
 d - a +6 ring of strength
 o - a +6 ring of dexterity
Wands
 k - a wand of flame (10)
Scrolls
 b - 3 scrolls of fear {unknown}
 e - 3 scrolls of identify {unknown}
 f - a scroll of enchant weapon {unknown}
 h - a scroll of acquirement {unknown}
 l - a scroll of holy word {unknown}
 n - a scroll of immolation {unknown}
 p - a scroll of teleportation
Potions
 c - a potion of curing
 i - a potion of lignification {unknown}
 m - 2 potions of attraction {unknown}


   Skills:
 - Level 3.0 Fighting
 - Level 2.0 Long Blades
 - Level 3.0 Dodging
 - Level 4.0 Stealth
 + Level 3.9 Spellcasting
 - Level 3.0 Conjurations
 - Level 4.0 Air Magic


You had 5 spell levels left.
You knew the following spells:

 Your Spells              Type           Power      Damage    Failure   Level
a - Shock                 Conj/Air       76%        1d7       2%          1
b - Static Discharge      Conj/Air       19%        N/A       4%          2
c - Airstrike             Air            10%        N/A       22%         4

Your spell library contained the following spells:

 Spells                   Type           Power      Damage    Failure   Level
 Swiftness                Air            21%        N/A       7%          3
 Malign Gateway           Summ/Tloc      2%         N/A       100%        7
 Summon Horrible Things   Summ           2%         N/A       100%        8


Dungeon Overview and Level Annotations

Branches:
Dungeon (4/15)
 Temple: D:4-7

Altars:
Lugonu


Message History

Items here: ))) ÷÷÷÷.
Things that are here:
19 stones; a +0 dagger; a +0 hunting sling You now have 225 gold pieces (gained 11).
Done exploring.
Done exploring.
Done exploring.
(D) Dungeon
Where to? (Enter - D:3, ? - help)
There is a stone staircase leading down here.
You climb downwards.
The gnoll shouts!
The gnoll shaman shouts!
The gnoll shouts! x2
Found a chain mail.
There is a stone staircase leading up here.
There are monsters nearby!
The gnoll hits you from afar with a +0 spear.
The gnoll hits you with a +0 whip. The gnoll shaman closely misses you.
You climb upwards.
There is a stone staircase leading down here.
Unknown command.
Casting: Airstrike (extremely dangerous; 22% risk of failure)
Confirm with . or Enter, or press ? or * to list all spells.
Aiming: Airstrike (extremely dangerous; 22% risk of failure)
Press: ? - help, Dir - move target, f - gnoll
Aim: a gnoll, wielding a +0 whip (empty space bonus: 2/8)
The air twists around and strikes the gnoll!
The gnoll is severely wounded.
The gnoll closely misses you.
The gnoll shaman hits you with a +0 club!
Unknown command.
Casting: Airstrike (extremely dangerous; 22% risk of failure)
Confirm with . or Enter, or press ? or * to list all spells.
The gnoll shaman is struck by an arc of lightning!
The gnoll shaman is moderately wounded.
You are struck by an arc of lightning.
The lightning grounds out.
The gnoll hits you with a +0 whip. The gnoll shaman closely misses you.
The gnoll hits you with a +0 whip.
* * * LOW HITPOINT WARNING * * *
The gnoll shaman hits you with a +0 club!
You die...

.###.♣...♣...♣...♣.#
##### .#
##..♣...♣...♣..## .#
#.♣8♣.♣8♣.♣8♣.# ###
.# ##.♣...♣...♣..#
#.. .#
##..♣...♣....# #.#
.# #.♣8♣.♣8♣..##
##########.# .###
##.♣...♣...#
#..........#
...#########.###g#
#.###.......
.#............##@#
#.###.###..#
..##########..##g#
#........... ...#
#..##.# #####.#####.
..## #.....# #.# #.
.## ##.#### #.# ##
.# #..# ###.## # .#
#.## #....# '## #.#
#.#.## # ..## #.#
########.### ##


You could see a gnoll shaman and a gnoll.

Vanquished Creatures
  Grinder (D:3)
  Terence (D:2)
  Natasha (thrice) (D:2)
  Robin (D:3)
  3 adders
  3 worms
  2 dart slugs
  4 orcs (D:3)
  6 ball pythons
  10 bats
  5 endoplasms
  8 hobgoblins
  4 jackals (D:2)
  7 kobolds
  2 quokkas
  10 frilled lizards
  12 goblins
  4 rats
86 creatures vanquished.

Notes
Turn   | Place    | Note
-------+----------+-------------------------------------------
     0 | D:1      | enile the Deep Elf Air Elementalist began the quest for the
                  | Orb.
     0 | D:1      | Reached XP level 1. HP: 10/10 MP: 6/6
   177 | D:1      | Reached skill level 1 in Fighting
   347 | D:1      | Reached XP level 2. HP: 16/16 MP: 2/8
   836 | D:1      | Learned a level 2 spell: Static Discharge
  1123 | D:2      | Reached XP level 3. HP: 21/21 MP: 7/9
  1648 | D:2      | Noticed Terence
  1654 | D:2      | Killed Terence
  1655 | D:2      | Reached XP level 4. HP: 22/26 MP: 2/10
  1875 | D:2      | Noticed Natasha
  1880 | D:2      | Killed Natasha
  1881 | D:2      | Reached skill level 1 in Long Blades
  2167 | D:2      | Noticed Natasha
  2173 | D:2      | Killed Natasha
  2174 | D:2      | Reached XP level 5. HP: 23/30 MP: 4/11
  2242 | D:2      | Noticed Natasha
  2252 | D:2      | Killed Natasha
  2773 | D:2      | Found a faded altar of an unknown god.
  2787 | D:2      | Prayed at the altar of an unknown god.
  2787 | D:2      | Became a worshipper of Lugonu the Unformed
  2787 | D:2      | Reached * piety under Lugonu
  2787 | D:2      | Reached ** piety under Lugonu
  3214 | D:3      | Noticed Grinder
  3233 | D:3      | Paralysed by Grinder for 2 turns
  3241 | D:3      | Killed Grinder
  3242 | D:3      | Reached XP level 6. HP: 21/37 MP: 2/12
  4238 | D:3      | Noticed Robin
  4248 | D:3      | Reached *** piety under Lugonu
  4452 | D:2      | Learned a level 4 spell: Airstrike
  4455 | D:3      | Killed Robin
  4617 | D:3      | Slain by a gnoll shaman

Illustrated notes

Levels and vault maps discovered:
D:1:      dpeg_chamrin_arrival_tetris, layout_basic, nrook_campfire,
          minmay_lizard_pond
D:2:      layout_rooms, shapermc_ecumenical_altar_mp_ritualfount, uniq_terence,
          uniq_natasha
D:3:      layout_loops_corners, kennysheep_doodads, hangedman_decor_points,
          uniq_grinder, uniq_robin
D:4:      layout_gridville, minmay_temple_entry_mist, serial_shops,
          nicolae_shop_crystal

Skill      XL: |  1  2  3  4  5 |
---------------+----------------+-----
Fighting       | 1 2 3 |  3.0
Conjurations   | 3 |  3.0
Dodging        | 3 |  3.0
Long Blades    | 1 2 |  2.0
Air Magic      | 4 |  4.0
Stealth        | 4 |  4.0
Spellcasting   | |  3.9

Action                   |  1- 3 |  4- 6 || total
-------------------------+-------+-------++-------
Melee: Unarmed           |    14 |       ||    14
       Punch             |     1 |       ||     1
       Long sword        |       |    21 ||    21
 Cast: Shock             |    65 |   110 ||   175
       Static Discharge  |     6 |     4 ||    10
       Airstrike         |       |     3 ||     3
  Use: Scroll            |     1 |       ||     1
       Potion            |       |     2 ||     2
Armor: Robe              |     5 |     5 ||    10
Dodge: Dodged            |    25 |    48 ||    73

Table legend: (Time is in decaauts)
 A = Elapsed time spent in this place.
 B = Non-inter-level travel time spent in this place.
 C = Inter-level travel time spent in this place.
 D = Time resting spent in this place.
 E = Time spent auto-exploring this place.
 F = Levels seen in this place.
 G = Mean time per level.
                   A        B        C        D        E       F      G
               +--------+--------+--------+--------+--------+-----+--------+
         Total |   4626 |   4510 |    116 |    160 |   3821 |   4 | 1156.5 |
       Dungeon |   4626 |   4510 |    116 |    160 |   3821 |   4 | 1156.5 |
               +--------+--------+--------+--------+--------+-----+--------+

Top non-repeatable levels by time:
     D:2: 1716 daAuts
     D:3: 1502 daAuts
     D:1: 1405 daAuts
     D:4: 1 daAuts
